 Dungeon Crawl Stone Soup version 0.19.0-20-gbc5f0c6 (webtiles) character file.

641093 Ladykiller69 the Executioner (level 27, -7/217 HPs)
             Began as a Formicid Fighter on Nov 14, 2016.
             Was the Champion of Cheibriados.
             Mangled by a storm dragon (10 damage)
             ... on level 2 of the Realm of Zot on Nov 16, 2016.
             The game lasted 06:22:06 (53145 turns).

Ladykiller69 the Executioner (Formicid Fighter)    Turns: 53145, Time: 06:22:07

Health: -7/217     AC: 36    Str: 37    XL:     27
Magic:  8/40       EV: 19    Int: 30    God:    Cheibriados [******]
Gold:   5139       SH: 17    Dex: 22    Spells: 10 memorised, 12 levels left

rFire  + + +     SeeInvis +     L - +9 executioner's axe (elec)
rCold  + + +     Gourm    .     x - +6 gold dragon scales
rNeg   . . .     Faith    .     P - +2 shield of Resistance {rF+ rC+ MR+}
rPois  +         Spirit   .     (helmet unavailable)
rElec  +         Reflect  .     m - +1 cloak
rCorr  .         Harm     .     E - +0 pair of gloves of the New World {+Inv rC++}
MR     +++++                    F - +0 pair of boots {Stlth+}
Stlth  ..........               Q - amulet "Acyu" {+Fly Regen+}
                                u - ring "Xuwk" {+Fly rElec rF+ Int-3}
                                b - ring of the Endless Expanse {+Fly rPois rC++ MR+ Dex-3}

@: very slightly contaminated, regenerating, very slow
A: permanent stasis, dig shafts and tunnels, four strong arms, antennae 3, dopey
1, magic resistance 1, slow regeneration 1
a: Dig, Shaft Self, Bend Time, Temporal Distortion, Slouch, Step From Time,
Renounce Religion, Evoke Invisibility, Evoke Flight
}: 3/15 runes: decaying, slimy, gossamer


You were on level 2 of the Realm of Zot.
You worshipped Cheibriados.
Cheibriados was exalted by your worship.
You were near starving.

You visited 11 branches of the dungeon, and saw 54 of its levels.
You visited 1 bazaar.
You visited 1 ziggurat, and saw 13 of its levels.
You also visited: Labyrinth and Trove.

You collected 9206 gold pieces.
You spent 4067 gold pieces at shops.

Inventory:

Hand Weapons
 l - the +8 morningstar "Honaagg" {drain, Int-4 Dex+6, unknown}
   (You found it on level 6 of a ziggurat)

   A truly terrible weapon, it drains the life of those it strikes.
   It affects your intelligence (-4).
   It affects your dexterity (+6).
 L - a +9 executioner's axe of electrocution (weapon)
Missiles
 I - 17 javelins (quivered)
Armour
 m - a +1 cloak (worn)
 x - +6 gold dragon scales (worn)
 E - the +0 pair of gloves of the New World (worn) {+Inv rC++}
   (You found it on level 13 of a ziggurat)

   It greatly protects you from cold.
   It lets you turn invisible.
 F - a +0 pair of boots of stealth (worn)
 P - the +2 shield of Resistance (worn) {rF+ rC+ MR+}
   (You bought it in a shop on level 2 of the Orcish Mines)

   It protects you from fire.
   It protects you from cold.
   It affects your resistance to hostile enchantments.
Magical Staves
 O - an uncursed staff of power
Jewellery
 b - the ring of the Endless Expanse (left hand) {+Fly rPois rC++ MR+ Dex-3}
   (You bought it in a shop on level 1 of the Vaults)

   [ring of flight]

   It affects your dexterity (-3).
   It greatly protects you from cold.
   It protects you from poison.
   It affects your resistance to hostile enchantments.
   It lets you fly.
 c - the ring "Serehyz" {rCorr rN+}
   (You bought it in a shop on level 1 of the Vaults)

   [ring of resist corrosion]

   It protects you from negative energy.
 u - the ring "Xuwk" (right hand) {+Fly rElec rF+ Int-3}
   (You bought it in a shop on level 1 of the Vaults)

   [ring of flight]

   It affects your intelligence (-3).
   It protects you from fire.
   It insulates you from electricity.
   It lets you fly.
 y - a +5 amulet of reflection
 B - the ring of the Jackalope {rPois rF+ rN+ Int-3}
   (You found it on level 9 of a ziggurat)

   [ring of protection from fire]

   It affects your intelligence (-3).
   It protects you from fire.
   It protects you from poison.
   It protects you from negative energy.
 J - a +3 amulet of reflection
 Q - the amulet "Acyu" (around neck) {+Fly Regen+}
   (You found it on level 13 of a ziggurat)

   [amulet of regeneration]

   It lets you fly.
   It increases your rate of regeneration.
 U - the ring "Wumaul" {Wiz rF++ rC- Int+8 Stlth+}
   (You took it off a deep elf demonologist on level 3 of the Elven Halls)

   [ring of wizardry]

   It improves your spell success rate.
   It affects your intelligence (+8).
   It greatly protects you from fire.
   It makes you vulnerable to cold.
   It makes you more stealthy.
Wands
 H - a wand of heal wounds (4/9)
Scrolls
 e - 5 scrolls of noise
 i - 22 scrolls of identify
 p - 7 scrolls of magic mapping
 q - 13 scrolls of fog
 s - 6 scrolls of amnesia
 w - 2 scrolls of holy word
 C - 25 scrolls of remove curse
 G - 8 scrolls of recharging
 K - a scroll of summoning
 Y - 4 scrolls of fear
Potions
 d - 6 potions of might
 g - 9 potions of brilliance
 h - 6 potions of cancellation
 j - 18 potions of curing
 n - 5 potions of magic
 o - 4 potions of heal wounds
 t - 10 potions of lignification
 v - 9 potions of flight
 A - 6 potions of cure mutation
 R - 3 potions of invisibility
 S - 4 potions of ambrosia
 W - 4 potions of resistance
 Z - 11 potions of agility
Books
 z - a book of Debilitation

   Spells                             Type                      Level
   a - Corona                         Hexes                        1
   b - Slow                           Hexes                        2
   c - Gell's Gravitas                Hexes/Translocation          3
   d - Inner Flame                    Hexes/Fire                   3
   e - Cause Fear                     Hexes                        4
   f - Leda's Liquefaction            Hexes/Earth                  4
Miscellaneous
 D - 6 phantom mirrors
Comestibles
 k - 39 fruits


   Skills:
 - Level 18.0 Fighting
 - Level 26.0 Axes
 * Level 21.1 Armour
 - Level 15.0 Dodging
 - Level 11.0 Shields
 * Level 13.3 Spellcasting
 + Level 7.2 Conjurations
 * Level 11.6 Charms
 - Level 7.0 Transmutations
 - Level 22.0 Earth Magic
 - Level 14.0 Invocations


You had 12 spell levels left.
You knew the following spells:

 Your Spells              Type           Power        Failure   Level  Hunger
a - Iron Shot             Conj/Erth      #######...   10%         6    ####...
b - Statue Form           Tmut/Erth      #######..    10%         6    ####...
c - Shatter               Erth           ########..   97%         9    #######
d - Summon Butterflies    Summ           ###.....     17%         1    None
e - Shroud of Golubria    Chrm/Tloc      ######....   1%          2    None
f - Regeneration          Chrm/Necr      ######....   4%          3    None
g - Spectral Weapon       Hex/Chrm       ######..     4%          3    None
h - Lee's Rapid Deconstr  Erth           ########..   1%          5    None
i - Stone Arrow           Conj/Erth      ######       1%          3    None
j - Repel Missiles        Chrm/Air       ######       1%          2    None


Dungeon Overview and Level Annotations

Branches:
Dungeon (15/15)            Temple (0/1) D:5            Lair (6/6) D:10
  Swamp (4/4) Lair:2       Spider (4/4) Lair:3        Slime (5/5) Lair:5
    Orc (2/2) D:11            Elf (3/3) Orc:2        Vaults (4/5) D:14
  Crypt (3/3) Vaults:3       Tomb (0/3) Crypt:3      Depths (5/5) D:15
    Zot (2/5) Depths:5

Altars:
Cheibriados
Fedhas
Kikubaaqudgha
Makhleb
Nemelex Xobeh
Okawaru
Qazlal
Ru
Vehumet
Yredelemnul
The Shining One
Beogh
Jiyva

Shops:
D:6 [   D:7 [   D:15 *   Orc:2 [([:   Elf:2 !   Vaults:1 }=   Depths:3 [
Depths:4 *[!%

Portals:
Hell: Depths:1 Depths:2 Depths:3 Depths:4 Depths:5
Abyss: Depths:1 Depths:3 Depths:4
Pandemonium: Depths:1 Depths:2 Depths:3 Depths:5

Annotations:
D:13 exclusion: 4 oklob plants
Crypt:3 Jory


Innate Abilities, Weirdness & Mutations

You are under a permanent stasis effect.
You can dig through walls and to a lower floor.
Your four strong arms can wield two-handed weapons with a shield.
You have a pair of large antennae on your head. (SInv)
You are dopey. (Int -2)
You are resistant to hostile enchantments. (MR+)
You regenerate slowly when monsters are visible.


Message History

You block the storm dragon's attack. The storm dragon completely misses you.
You block the storm dragon's attack. The storm dragon closely misses you.
The storm dragon barely misses you.
The storm dragon tramples you but does no damage.
Are you sure you want to shaft yourself?
You are near starving!
The storm dragon misses you.
The storm dragon claws you but does no damage.
The storm dragon tramples you but does no damage.
You block the storm dragon's attack. The storm dragon misses you.
You block the storm dragon's attack.
The white draconian completely misses you.
The storm dragon bites you but does no damage.
The storm dragon barely misses you. You block the storm dragon's attack.
The white draconian hits you from afar with a halberd!
* * * LOW HITPOINT WARNING * * *
The storm dragon bites you!
* * * LOW HITPOINT WARNING * * *
The storm dragon claws you!
You die...

#))## ..#.# $('$$. #.
#.<.## ... ###.).####{.
{{ D .###...#.##.# .#
..#..|....#q.## ..#
.....#[..###..## ..#
#...###...###..# ..#
.)[..###...#...####...###
..#...###.....dD@DX......
.###...###....d))).......
. #...#############..##
#...# .# #.... #... ###


You could see a tentacled monstrosity, 2 storm dragons, 2 draconians and a
purple draconian zealot.

Vanquished Creatures
  the Royal Jelly (Slime:5)
  Mara (Depths:1)
  An orb of fire (Zot:2)
  Sojobo (Depths:1)
  4 greater mummies
  2 shard shrikes (Zig:12)
  A pandemonium lord (Zig:8)
  Bai Suzhen (Swamp:4)
  Margery (Vaults:4)
  Xtahua (Depths:3)
  2 golden dragons
  the Enchantress (Depths:2)
  A bone dragon (Zot:1)
  A Tzitzimitl (Zig:8)
  10 tentacled monstrosities
  Asterion (Spider:3)
  A deep elf master archer (Zig:10)
  4 sphinxes
  A deep elf blademaster (Elf:2)
  4 titans
  7 liches
  31 acid blobs
  5 death cobs
  3 ancient champions
  A thorn hunter (Swamp:4)
  7 tengu reavers
  5 shadow dragons
  2 storm dragons
  A draconian monk (Depths:5)
  Kirke (Spider:1)
  Donald (Vaults:4)
  6 frost giants
  19 azure jellies
  5 nagarajas (Zig:11)
  13 fire giants
  2 revenants
  A draconian knight (Zot:2)
  A daeva (Depths:4)
  An iron dragon (Depths:4)
  14 vault wardens
  A juggernaut zombie (Zig:4)
  5 ghost moths
  7 deep elf sorcerers
  A draconian scorcher (Depths:5)
  6 deep elf elementalists
  3 ghouls (Crypt:3)
  Louise (Spider:4)
  A balrug (Depths:1)
  2 orc warlords (Depths:4)
  Aizul (Depths:1)
  10 emperor scorpions
  A draconian shifter (Zot:1)
  2 caustic shrike skeletons
  10 spriggan defenders
  2 reapers
  11 ironheart preservers
  A draconian caller (Zot:1)
  A juggernaut skeleton (Crypt:3)
  18 vampire knights
  26 very ugly things
  12 stone giants
  Nessos (Lair:6)
  8 entropy weavers
  10 deep elf demonologists
  3 black draconians
  3 green draconians
  3 white draconians (Depths:5)
  5 eidola
  3 lorocyprocas
  5 deep elf annihilators
  2 red draconians
  8 spark wasps
  3 mottled draconians
  A green death (Zig:8)
  4 purple draconians
  20 ettins
  Snorg (Lair:4)
  3 blizzard demons
  A crystal guardian (Vaults:4)
  11 deep elf death magi
  16 death oozes
  Josephine (D:12)
  3 mummy priests (Zig:13)
  A minotaur (Lab)
  20 great orbs of eyes
  6 fire dragons
  10 jiangshi (Crypt:3)
  15 yaktaur captains
  4 deep elf high priests
  4 rakshasas
  The ghost of Krapule the Spear-Bearer, a journeyman MiSk of Gozag (D:10)
  25 hydras
  A catoblepas (Lair:3)
  2 hell beasts (Zig:8)
  33 vault guards
  3 quicksilver dragon skeletons
  13 ice dragons
  A ghost crab (Swamp:4)
  8 spriggan air magi
  Erica (D:8)
  14 centaur warriors
  An anaconda (shapeshifter) (Vaults:4)
  27 dancing weapons
  2 death knights
  An anaconda (Zig:11)
  12 deep troll shamans
  13 ogre magi
  20 vampire magi
  4 alligators
  A death scarab (Zig:13)
  A death yak (shapeshifter) (D:14)
  12 deep troll earth magi
  4 spriggan berserkers
  5 orc high priests
  5 tengu warriors
  Urug (D:15)
  2 sun demons (Depths:1)
  6 soul eaters
  3 naga sharpshooters (Zig:11)
  29 deep elf knights
  4 shock serpents (Zig:11)
  2 fire crabs
  A sixfirhy (Depths:3)
  3 storm dragon zombies
  9 hell knights
  9 flayed ghosts
  3 shadow wraiths
  23 skeletal warriors
  27 deep trolls
  6 golden dragon zombies
  2 spriggan druids
  6 iron trolls
  7 unseen horrors
  A shadow demon (Zig:8)
  A glowing orange brain (shapeshifter) (Vaults:2)
  10 swamp dragons
  8 glowing orange brains
  A death drake (shapeshifter) (Depths:1)
  21 ironbrand convokers
  A shambling mangrove (Zig:6)
  10 wizards
  21 phantasmal warriors
  2 naga ritualists (Zig:11)
  2 tengu zombies
  16 deep elf archers
  Pikel (D:5)
  A golden dragon skeleton (Zig:7)
  9 hill giants
  19 orc knights
  A shadow dragon zombie (Zig:13)
  9 necromancers
  3 wolf spider zombies
  3 stone giant zombies
  An anaconda skeleton (Crypt:1)
  10 harpies
  2 harpies (shapeshifter)
  7 orc sorcerers
  An iron dragon zombie (Zig:7)
  A faun (shapeshifter) (D:15)
  A shadow dragon skeleton (Zig:12)
  8 orb spiders
  4 manticores
  2 oklob plants (Zig:7)
  46 wolf spiders
  178 slime creatures
  66 deep elf magi
  7 cyclopes
  6 shining eyes
  51 ugly things
  3 sphinx skeletons
  A frost giant zombie (Crypt:1)
  2 fire giant zombies
  A salamander (Zig:11)
  A cyclops (shapeshifter) (Vaults:1)
  5 centaur zombies
  An iron dragon skeleton (Depths:2)
  An ice statue (D:12)
  2 fire giant skeletons
  A dire elephant zombie (Crypt:3)
  6 elephants (Lair:3)
  A guardian serpent (Zig:11)
  6 black mambas
  A frost giant skeleton (Zig:12)
  A naga mage (Zig:11)
  An elephant slug zombie (Crypt:2)
  12 vault sentinels
  6 moths of wrath
  A black mamba (shapeshifter) (Vaults:1)
  5 gargoyles
  6 torpor snails
  19 spiny frogs
  A shock serpent skeleton (Crypt:3)
  A spiny frog (shapeshifter) (Vaults:3)
  4 eyes of devastation
  A storm dragon simulacrum (Crypt:2)
  A yellow draconian zombie (Crypt:3)
  2 kobold demonologists
  7 rime drakes
  A komodo dragon (shapeshifter) (Vaults:2)
  14 freezing wraiths
  7 komodo dragons
  57 yaktaurs
  7 demonic crawlers
  5 ice devils
  A sea snake skeleton (Crypt:2)
  5 guardian mummies (Zig:13)
  2 tormentors (Zig:7)
  3 elves (Depths:4)
  A harpy zombie (Crypt:3)
  28 jumping spiders
  A merfolk (shapeshifter) (Depths:3)
  A queen bee (D:13)
  3 polar bears
  3 meliai (D:13)
  13 trolls
  41 hornets
  2 red devils
  2 meliai (shapeshifter)
  5 tengu conjurers
  6 tyrant leeches
  21 two-headed ogres
  A hydra skeleton (Crypt:1)
  A fire dragon zombie (Crypt:1)
  7 bog bodies
  A hippogriff (shapeshifter) (D:14)
  A slime creature (shapeshifter) (Depths:3)
  14 blink frogs
  9 hippogriffs
  A meliai zombie (D:15)
  A fire giant simulacrum (Depths:2)
  11 dream sheep (Lair:6)
  7 air elementals
  7 flying skulls
  24 vampires
  2 ettin skeletons
  94 redbacks
  26 spriggans
  8 shadows
  An alligator skeleton (Crypt:2)
  42 tarantellas
  4 wyverns
  A centaur simulacrum (D:15)
  A fire dragon skeleton (Crypt:1)
  4 ynoxinuls (Trove)
  A large abomination (Zig:8)
  3 water elementals
  5 hogs (Spider:1)
  A basilisk (shapeshifter) (Vaults:3)
  9 golden eyes
  4 fire elementals
  A tarantella (shapeshifter) (Vaults:2)
  9 wraiths
  4 basilisks
  29 yaks
  2 ushabtiu (Zig:13)
  19 vampire mosquitoes
  A chaos spawn (Depths:3)
  5 hungry ghosts
  A steam dragon (D:7)
  10 insubstantial wisps
  4 wargs
  4 mottled dragons
  15 swamp worms
  A gelid demonspawn zombie (Crypt:1)
  A warg (shapeshifter) (D:14)
  A soldier ant (shapeshifter) (Vaults:4)
  3 nagas (Zig:11)
  2 hell hounds (Orc:2)
  A soldier ant (D:15)
  14 water moccasins
  A floating eye (Depths:2)
  3 porcupines
  A human skeleton (Depths:2)
  A merfolk skeleton (Crypt:2)
  43 orc warriors
  7 black bears
  10 swamp drakes
  A sky beast (D:13)
  An ice dragon simulacrum (Crypt:1)
  A snapping turtle zombie (Crypt:2)
  2 phantoms
  4 ice beasts
  17 boggarts
  9 eyes of draining
  2 necrophages
  An ogre (shapeshifter) (Vaults:2)
  7 slaves
  53 ogres
  2 swamp dragon zombies
  40 wolves
  34 centaurs
  A centaur (shapeshifter) (Vaults:3)
  A lindwurm skeleton (Crypt:2)
  8 crocodiles
  A bullfrog (shapeshifter) (Vaults:4)
  3 big kobolds
  18 bullfrogs
  7 earth elementals
  A rime drake skeleton (Crypt:2)
  A cyclops zombie (Crypt:1)
  A salamander skeleton (Crypt:3)
  A hippogriff skeleton (Crypt:1)
  32 scorpions
  37 killer bees
  2 spectral wolves (Depths:4)
  4 howler monkeys
  21 wights
  3 electric eels
  A troll skeleton (Crypt:2)
  A wolf zombie (Crypt:1)
  6 crimson imps
  A bullfrog zombie (D:5)
  A human zombie (Crypt:3)
  2 quasits (Depths:3)
  7 centaur skeletons
  24 orc priests
  8 hounds
  12 jellies
  25 orc wizards
  3 bullfrog skeletons
  An iron imp (Depths:3)
  2 iguanas (D:10)
  Natasha (thrice) (D:4)
  12 worker ants
  A hell rat (D:10)
  A porcupine skeleton (Crypt:1)
  A killer bee zombie (D:10)
  An ogre zombie (Crypt:1)
  A bullfrog simulacrum (D:13)
  A hound zombie (D:10)
  A human simulacrum (Crypt:1)
  A naga skeleton (Crypt:3)
  A tengu skeleton (Crypt:3)
  3 howler monkey zombies
  8 mummies (Zig:13)
  A worker ant zombie (D:5)
  7 gnolls
  A howler monkey skeleton (D:10)
  6 adders
  A river rat (D:10)
  4 shadow imps
  4 white imps
  An ufetubus (Depths:3)
  4 oozes (Depths:3)
  An adder zombie (D:4)
  2 adder skeletons (D:9)
  3 worms
  A dart slug (D:1)
  10 leopard geckos
  97 orcs
  A bat skeleton (Crypt:1)
  5 giant cockroaches
  13 goblins
  2 hobgoblins (D:1)
  12 jackals
  8 quokkas
  A ball python skeleton (Crypt:1)
  5 bats
  5 frilled lizards
  A frilled lizard skeleton (Crypt:2)
  A frilled lizard zombie (Crypt:1)
  22 kobolds
  A leopard gecko zombie (D:7)
  9 rats
  A briar patch (Swamp:4)
  3 fungi
  6 plants
2844 creatures vanquished.

Vanquished Creatures (others)
  A deep elf master archer (Elf:3)
  A deep elf sorcerer (Vaults:4)
  A stone giant (Depths:3)
  An ironheart preserver (Vaults:4)
  2 yaktaur captains
  4 deep elf archers
  A deep elf mage (Elf:2)
  11 yaktaurs
  A hornet (Zig:6)
  2 redbacks
  A spriggan (Swamp:3)
  3 water elementals (Depths:1)
  A slave (D:5)
  An ogre (Vaults:2)
  3 centaurs
  A killer bee (D:13)
  A statue (D:5)
  4 fungi
  10 plants
  4 spectral weapons
  22 withered plants (Crypt:3)
76 creatures vanquished.

Grand Total: 2920 creatures vanquished

Notes
Turn   | Place    | Note
-------+----------+-------------------------------------------
     0 | D:1      | Ladykiller69 the Formicid Fighter began the quest for the Orb.
     0 | D:1      | Reached XP level 1. HP: 18/18 MP: 1/1
   150 | D:1      | Reached XP level 2. HP: 24/24 MP: 2/2
   543 | D:1      | Reached XP level 3. HP: 29/29 MP: 3/3
  1148 | D:2      | Reached XP level 4. HP: 24/36 MP: 4/4
  1355 | D:2      | Found a blossoming altar of Fedhas.
  1447 | D:3      | Reached skill level 3 in Axes
  1807 | D:3      | Found a faded altar of an unknown god.
  1807 | D:3      | Found a faded altar of an unknown god.
  1812 | D:3      | Found a snail-covered altar of Cheibriados.
  1814 | D:3      | Found a faded altar of an unknown god.
  1831 | D:3      | Found a faded altar of an unknown god.
  1835 | D:3      | Became a worshipper of Cheibriados the Contemplative
  1848 | D:3      | Reached XP level 5. HP: 42/42 MP: 5/5
  2499 | D:4      | Reached * piety under Cheibriados
  2499 | D:4      | Reached skill level 4 in Axes
  2556 | D:4      | Reached XP level 6. HP: 23/48 MP: 6/6
  2636 | D:4      | Found a burning altar of Makhleb.
  2690 | D:4      | Noticed Natasha
  2707 | D:4      | Killed Natasha
  2740 | D:4      | Noticed Natasha
  2752 | D:4      | Killed Natasha
  2946 | D:4      | Noticed Natasha
  2985 | D:4      | Killed Natasha
  2985 | D:4      | Reached skill level 5 in Shields
  3034 | D:5      | Entered Level 5 of the Dungeon
  3045 | D:5      | Reached XP level 7. HP: 55/55 MP: 7/7
  3115 | D:5      | Got a warped mace
  3116 | D:5      | Identified the +6 mace "Bow Ran" {protect, rPois MP+9 Dex-2} (You found it on level 5 of the Dungeon)
  3235 | D:5      | Noticed Pikel
  3259 | D:5      | Killed Pikel
  3259 | D:5      | Reached ** piety under Cheibriados
  3259 | D:5      | Reached skill level 5 in Fighting
  3259 | D:5      | Reached skill level 6 in Axes
  3259 | D:5      | Reached skill level 5 in Armour
  3259 | D:5      | Reached XP level 8. HP: 28/63 MP: 8/8
  3679 | D:5      | Found a staircase to the Ecumenical Temple.
  3986 | D:5      | Found a radiant altar of Vehumet.
  4108 | D:6      | Found a basalt altar of Yredelemnul.
  4140 | D:6      | Reached skill level 7 in Axes
  4140 | D:6      | Reached XP level 9. HP: 25/69 MP: 9/9
  4208 | D:6      | Found Dedu's Antique Armour Shoppe.
  4259 | D:6      | Bought an encrusted shield for 275 gold pieces
  4269 | D:6      | Identified the cursed +0 shield of the Desert {Str+4} (You bought it in a shop on level 6 of the Dungeon)
  4310 | D:6      | Reached skill level 8 in Axes
  4359 | D:6      | Reached *** piety under Cheibriados
  4741 | D:6      | Found a sacrificial altar of Ru.
  4956 | D:7      | Found a sparkling altar of Nemelex Xobeh.
  5067 | D:7      | Reached skill level 9 in Axes
  5109 | D:7      | Found Zylaokh's Armour Shop.
  5327 | D:7      | Reached **** piety under Cheibriados
  5402 | D:7      | Reached XP level 10. HP: 34/76 MP: 10/10
  5454 | D:8      | Noticed Erica
  5473 | D:8      | Killed Erica
  5473 | D:8      | Reached skill level 10 in Axes
  5795 | D:8      | Reached skill level 11 in Axes
  6173 | D:9      | Found a glowing golden altar of the Shining One.
  6204 | D:9      | Reached ***** piety under Cheibriados
  6311 | D:9      | Reached skill level 10 in Shields
  6520 | D:9      | Reached XP level 11. HP: 58/81 MP: 11/11
  6678 | D:10     | Entered Level 10 of the Dungeon
  6702 | D:10     | Reached skill level 12 in Axes
  6735 | D:10     | Found a stormy altar of Qazlal.
  6761 | D:10     | Noticed a hill giant
  6768 | D:10     | Killed a hill giant
  6945 | D:10     | Noticed Krapule's ghost (journeyman MiSk)
  6961 | D:10     | Killed Krapule's ghost
  7235 | D:10     | Found a staircase to the Lair.
  7247 | D:10     | Reached skill level 1 in Invocations
  7431 | D:10     | Reached skill level 1 in Dodging
  7438 | D:10     | Reached skill level 13 in Axes
  7598 | D:11     | Noticed a purple ugly thing
  7613 | D:11     | Killed a purple ugly thing
  7743 | Lair:1   | Entered Level 1 of the Lair of Beasts
  8045 | Lair:1   | Reached XP level 12. HP: 87/89 MP: 14/14
  8061 | Lair:1   | Reached ****** piety under Cheibriados
  8473 | Lair:2   | Found a staircase to the Swamp.
  9165 | Lair:2   | Reached skill level 5 in Invocations
  9577 | Lair:3   | Reached skill level 14 in Axes
  9714 | Lair:3   | Found a hole to the Spider Nest.
  9723 | Lair:3   | Reached XP level 13. HP: 92/98 MP: 17/17
  9877 | Lair:3   | Noticed a catoblepas
  9891 | Lair:3   | Killed a catoblepas
 10108 | Lair:4   | Noticed Snorg
 10122 | Lair:4   | Killed Snorg
 10658 | Lair:5   | Noticed an eight-headed hydra
 10671 | Lair:5   | Killed a two-headed hydra
 10674 | Lair:5   | You fall through a shaft!
 10674 | Lair:6   | Entered Level 6 of the Lair of Beasts
 10681 | Lair:6   | Reached skill level 5 in Dodging
 10905 | Lair:6   | Found a labyrinth entrance.
 10911 | Lab      | Entered a labyrinth
 11100 | Lab      | Noticed a minotaur
 11105 | Lab      | Killed a minotaur
 11774 | Lair:6   | Noticed a five-headed hydra
 11839 | Lair:6   | Noticed Nessos
 11850 | Lair:6   | Reached skill level 15 in Axes
 11853 | Lair:6   | Reached XP level 14. HP: 105/108 MP: 19/19
 11861 | Lair:6   | Killed Nessos
 12644 | D:11     | Found a staircase to the Orcish Mines.
 12665 | D:11     | Found a roughly hewn altar of Beogh.
 12944 | D:12     | Reached skill level 10 in Fighting
 12945 | D:12     | Reached skill level 10 in Armour
 13250 | D:12     | Noticed Josephine
 13259 | D:12     | Killed Josephine
 13779 | D:13     | Found a portal to a secret trove of treasure.
 13958 | D:13     | Noticed a fire giant
 13960 | D:13     | Noticed a tengu reaver
 13965 | D:13     | You fall through a shaft for 2 floors!
 13965 | D:15     | Entered Level 15 of the Dungeon
 13983 | D:15     | Reached XP level 15. HP: 55/117 MP: 18/22
 14438 | D:15     | Reached skill level 16 in Axes
 14571 | D:15     | Found a staircase to the Depths.
 14923 | D:13     | Reached skill level 10 in Invocations
 14936 | D:13     | Killed a tengu reaver
 14938 | D:13     | Killed a fire giant
 15861 | D:14     | Found a gate to the Vaults.
 16543 | D:15     | Noticed Urug
 16549 | D:15     | Killed Urug
 16555 | D:15     | Reached XP level 16. HP: 116/126 MP: 24/24
 16663 | D:15     | Noticed a fire giant
 16864 | D:15     | Found Mudout's General Store.
 16872 | D:15     | Bought a scroll of identify for 32 gold pieces
 16893 | D:15     | Killed a fire giant
 17052 | Depths:1 | Entered Level 1 of the Depths
 17313 | Depths:1 | Found a gateway to Hell.
 17348 | Depths:1 | Noticed a fire giant
 17360 | Depths:1 | Killed a fire giant
 17360 | Depths:1 | Reached skill level 17 in Axes
 17719 | Orc:1    | Entered Level 1 of the Orcish Mines
 17787 | Orc:1    | You fall through a shaft!
 17787 | Orc:2    | Entered Level 2 of the Orcish Mines
 18440 | Orc:2    | Found a staircase to the Elven Halls.
 18600 | Orc:2    | Found Ynygoapt's Armour Emporium.
 18600 | Orc:2    | Found Igin's Book Shop.
 18602 | Orc:2    | Found Gastriruq's Armour Shop.
 18602 | Orc:2    | Found Wocuthru's Weapon Emporium.
 18610 | Orc:2    | Bought the +2 shield of Resistance {rF+ rC+ MR+} for 411 gold pieces
 18961 | Swamp:1  | Entered Level 1 of the Swamp
 19229 | Swamp:1  | Got a dazzling plate armour
 19240 | Swamp:1  | Identified the +6 plate armour of Wuaq {rPois} (You found it on level 1 of the Swamp)
 19360 | Swamp:1  | Reached XP level 17. HP: 125/134 MP: 25/25
 19591 | Swamp:2  | Gained mutation: You are resistant to hostile enchantments. (MR+) [potion of beneficial mutation]
 19592 | Swamp:2  | Found an iron altar of Okawaru.
 19890 | Swamp:2  | Got an ivory broad axe
 19891 | Swamp:2  | Identified the +7 broad axe of Zaloed {chop, Str+4} (You found it on level 2 of the Swamp)
 20275 | Swamp:4  | Entered Level 4 of the Swamp
 20275 | Swamp:4  | Noticed Bai Suzhen
 20393 | Spider:1 | Entered Level 1 of the Spider Nest
 20396 | Spider:1 | Reached skill level 18 in Axes
 20514 | Spider:1 | Noticed Kirke
 20526 | Spider:1 | Killed Kirke
 20987 | Spider:2 | Reached skill level 10 in Dodging
 21025 | Spider:2 | Reached XP level 18. HP: 136/143 MP: 27/27
 21768 | Spider:3 | Noticed Asterion
 21792 | Spider:3 | Killed Asterion
 22312 | Spider:3 | Reached skill level 19 in Axes
 22747 | Spider:4 | Entered Level 4 of the Spider Nest
 22762 | Spider:4 | Noticed Louise
 22773 | Spider:4 | Killed Louise
 23168 | Spider:4 | Reached XP level 19. HP: 132/151 MP: 0/29
 23712 | Spider:4 | Got a gossamer rune of Zot
 24236 | Depths:1 | Noticed Aizul
 24250 | Depths:1 | Killed Aizul
 24252 | Depths:1 | Noticed Mara
 24622 | Depths:1 | Found a one-way gate to the infinite horrors of the Abyss.
 24643 | Depths:1 | Found a one-way gate leading to the halls of Pandemonium.
 24701 | Depths:1 | Noticed Sojobo
 24728 | Depths:1 | Killed Sojobo
 24728 | Depths:1 | Reached skill level 20 in Axes
 25000 | Depths:1 | Killed Mara
 25000 | Depths:1 | Reached XP level 20. HP: 152/160 MP: 30/30
 25070 | Depths:2 | Noticed a tentacled monstrosity
 25087 | Depths:2 | Killed a tentacled monstrosity
 25087 | Depths:2 | Reached skill level 15 in Armour
 25339 | Depths:2 | Noticed the Enchantress
 25372 | Depths:2 | Killed the Enchantress
 25693 | Depths:2 | Reached skill level 15 in Fighting
 26692 | Vaults:1 | Entered Level 1 of the Vaults
 26787 | Vaults:1 | Reached skill level 21 in Axes
 26852 | Vaults:1 | Reached XP level 21. HP: 148/168 MP: 31/31
 27410 | Vaults:1 | Found Jitove Osku's Gadget Boutique.
 27844 | Vaults:1 | Found Buimethri's Jewellery Boutique.
 28336 | Vaults:2 | Found a flickering gateway to a bazaar.
 28346 | Bazaar   | Entered a bazaar
 28350 | Bazaar   | Found Ydiyntop's Gadget Shop.
 28364 | Bazaar   | Found Kunt's Distillery.
 28392 | Bazaar   | Found Zulef's Book Shop.
 28413 | Bazaar   | Found Hoabeum's Armour Shop.
 28451 | Bazaar   | Bought a potion of agility for 56 gold pieces
 28451 | Bazaar   | Bought a potion of agility for 56 gold pieces
 29032 | Vaults:2 | Reached XP level 22. HP: 178/178 MP: 32/32
 29484 | Vaults:3 | Found a staircase to the Crypt.
 29484 | Vaults:3 | Found an ancient bone altar of Kikubaaqudgha.
 29485 | Vaults:3 | Found a basalt altar of Yredelemnul.
 29599 | Vaults:3 | Reached skill level 22 in Axes
 30357 | Vaults:4 | Noticed Margery
 30370 | Vaults:4 | Killed Margery
 30899 | Vaults:4 | Noticed Donald
 30914 | Vaults:4 | Killed Donald
 31587 | Vaults:4 | Reached XP level 23. HP: 96/186 MP: 33/33
 33269 | Elf:1    | Entered Level 1 of the Elven Halls
 33565 | Elf:1    | Found an ancient bone altar of Kikubaaqudgha.
 34092 | Elf:2    | Found a huge runed gate.
 34092 | Elf:2    | Found a huge runed gate.
 34092 | Elf:2    | Found a huge runed gate.
 34095 | Elf:2    | Found a huge runed gate.
 34103 | Elf:2    | Found a huge runed gate.
 34761 | Elf:2    | Reached skill level 15 in Dodging
 34829 | Elf:2    | Reached XP level 24. HP: 184/197 MP: 33/33
 34913 | Elf:2    | Found Dypod's Distillery.
 35286 | Elf:2    | Reached skill level 23 in Axes
 35400 | Elf:3    | Entered Level 3 of the Elven Halls
 35961 | Elf:3    | Got a sparkling copper ring
 36101 | Elf:3    | Identified the ring "Wumaul" {Wiz rF++ rC- Int+8 Stlth+} (You took it off a deep elf demonologist on level 3 of the Elven Halls)
 36343 | Elf:3    | Reached skill level 24 in Axes
 36702 | Orc:2    | Bought a book of the Earth for 1170 gold pieces
 36709 | Orc:2    | Learned a level 6 spell: Iron Shot
 36716 | Orc:2    | Learned a level 6 spell: Statue Form
 36726 | Orc:2    | Learned a level 9 spell: Shatter
 37138 | Vaults:1 | Bought the ring "Xuwk" {+Fly rElec rF+ Int-3} for 611 gold pieces
 37138 | Vaults:1 | Bought the ring "Serehyz" {rCorr rN+} for 592 gold pieces
 37141 | Vaults:1 | Bought the ring of the Endless Expanse {+Fly rPois rC++ MR+ Dex-3} for 864 gold pieces
 37544 | Swamp:3  | Got a scorched morningstar
 37545 | Swamp:3  | Identified the +2 morningstar "Geusagu" {crush, rElec rN+ Int+4 Dex+4} (You found it on level 3 of the Swamp)
 37785 | Swamp:4  | Killed Bai Suzhen
 37978 | Swamp:4  | Identified Iloyti Dien's Papyrus of Stones and Lightness
 38175 | Swamp:4  | Reached XP level 25. HP: 195/204 MP: 33/33
 38359 | Swamp:4  | Got a decaying rune of Zot
 38670 | Depths:1 | Reached skill level 1 in Earth Magic
 38884 | Depths:3 | Noticed Xtahua
 38900 | Depths:3 | Killed Xtahua
 39121 | Depths:3 | Reached skill level 5 in Earth Magic
 39289 | Depths:3 | Reached skill level 25 in Axes
 39302 | Depths:3 | Found Osiuruv's Armour Shoppe.
 40170 | Depths:3 | Reached skill level 10 in Earth Magic
 40347 | Depths:4 | Reached XP level 26. HP: 197/211 MP: 33/33
 40536 | Depths:4 | Found a gateway to a ziggurat.
 40606 | Depths:4 | Identified a scroll of acquirement
 40610 | Depths:4 | Got a bloodstained crystal plate armour
 40621 | Depths:4 | Identified the +6 crystal plate armour "Qoruu" {Str+4} (You acquired it on level 4 of the Depths)
 40625 | Depths:4 | Learned a level 1 spell: Summon Butterflies
 40963 | Depths:4 | Found a roughly hewn altar of Beogh.
 41083 | Depths:4 | Noticed a greater mummy
 41091 | Depths:4 | Killed a greater mummy
 41104 | Depths:4 | Found an ancient bone altar of Kikubaaqudgha.
 41357 | Depths:4 | Found The Legendary Pebaxzotz's Legendary Smithy.
 41380 | Depths:4 | Found Gojis's Slaves and Accessories.
 41428 | Depths:4 | Found Jack's Jerk-a-riffic Jerky.
 41435 | Depths:4 | Reached skill level 26 in Axes
 41464 | Depths:4 | Found Umpaep's Miraculous Elixirs.
 41692 | Depths:5 | Entered Level 5 of the Depths
 42082 | D:13     | You paid a toll of a +2 shadow dragon scales to enter a treasure trove
 42083 | Trove    | Entered a treasure trove
 42189 | Trove    | Got a pair of fine gloves
 42200 | Trove    | Identified the +0 pair of gloves "Xyckaycu" {MR+ Str+4 SInv} (You found it in a treasure trove)
 42202 | Trove    | Got a smoking crystal plate armour
 42213 | Trove    | Identified the +0 crystal plate armour "Heodi" {rPois rCorr Dex+2} (You found it in a treasure trove)
 42223 | Trove    | Got a warped cloak
 42234 | Trove    | Identified the +1 cloak of Zeshoase {+Inv rF- Int+3 Dex+4} (You found it in a treasure trove)
 42292 | Trove    | Upgraded the game from 0.19.0-19-g8c6edcc to 0.19.0-20-gbc5f0c6
 42604 | Vaults:5 | Entered Level 5 of the Vaults
 42620 | Vaults:4 | Reached skill level 15 in Earth Magic
 42707 | Vaults:5 | Reached XP level 27. HP: 152/215 MP: 33/33
 43364 | Crypt:1  | Entered Level 1 of the Crypt
 44616 | Crypt:3  | Entered Level 3 of the Crypt
 45264 | Crypt:3  | Found a staircase to the Tomb.
 45584 | Crypt:3  | Noticed Jory
 45601 | Crypt:3  | HP: 3/215 [Jory/crystal spear (76)]
 46188 | Depths:5 | Reached skill level 1 in Spellcasting
 46754 | Depths:5 | Found a gate to the Realm of Zot.
 46766 | Depths:5 | Reached skill level 5 in Spellcasting
 47651 | Zig:1    | Entered Level 1 of a ziggurat
 47669 | Zig:2    | Entered Level 2 of a ziggurat
 47690 | Zig:3    | Entered Level 3 of a ziggurat
 47720 | Zig:4    | Entered Level 4 of a ziggurat
 47756 | Zig:5    | Entered Level 5 of a ziggurat
 47797 | Zig:6    | Entered Level 6 of a ziggurat
 47851 | Zig:6    | Learned a level 2 spell: Shroud of Golubria
 47855 | Zig:6    | Learned a level 3 spell: Regeneration
 47859 | Zig:6    | Learned a level 3 spell: Spectral Weapon
 47868 | Zig:6    | Got a steaming morningstar
 47871 | Zig:7    | Entered Level 7 of a ziggurat
 48237 | Zig:8    | Entered Level 8 of a ziggurat
 48247 | Zig:8    | Noticed Wehem the pandemonium lord
 48257 | Zig:8    | Killed Wehem the pandemonium lord
 48257 | Zig:8    | Reached skill level 1 in Charms
 48652 | Zig:9    | Entered Level 9 of a ziggurat
 48677 | Zig:9    | Gained mutation: Your body sometimes deteriorates upon taking damage. [a shining eye]
 48682 | Zig:9    | Reached skill level 1 in Transmutations
 48686 | Zig:9    | Reached skill level 1 in Conjurations
 48720 | Zig:9    | Got a clouded golden ring
 48726 | Zig:9    | Identified the ring of the Jackalope {rPois rF+ rN+ Int-3} (You found it on level 9 of a ziggurat)
 48728 | Zig:9    | Got a scintillating bronze ring
 48730 | Zig:9    | Identified the ring "Ikhlor Reph" {*Tele rElec rF+ MP-9 Dex+4 Stlth+} (You found it on level 9 of a ziggurat)
 48969 | Zig:10   | Entered Level 10 of a ziggurat
 49059 | Zig:10   | Identified the Catalogue of Augmentations and Transmutation
 49120 | Zig:11   | Entered Level 11 of a ziggurat
 49155 | Zig:11   | Reached skill level 5 in Charms
 49206 | Zig:11   | Learned a level 5 spell: Lee's Rapid Deconstruction
 49210 | Zig:11   | Learned a level 3 spell: Stone Arrow
 49343 | Zig:12   | Entered Level 12 of a ziggurat
 49359 | Zig:12   | Noticed a shard shrike
 49361 | Zig:12   | Noticed a shard shrike
 49367 | Zig:12   | Killed a shard shrike
 49373 | Zig:12   | Killed a shard shrike
 49466 | Zig:13   | Entered Level 13 of a ziggurat
 49471 | Zig:13   | Noticed a greater mummy
 49481 | Zig:13   | Noticed a greater mummy
 49486 | Zig:13   | Reached skill level 10 in Spellcasting
 49489 | Zig:13   | Noticed a greater mummy
 49502 | Zig:13   | Killed a greater mummy
 49502 | Zig:13   | Reached skill level 5 in Transmutations
 49505 | Zig:13   | Killed a greater mummy
 49514 | Zig:13   | Killed a greater mummy
 49525 | Zig:13   | HP: 12/282 [phantasmal warrior[a mummy priest] (6)]
 49591 | Zig:13   | Got a steaming ivory amulet
 49593 | Zig:13   | Identified the amulet "Acyu" {+Fly Regen+} (You found it on level 13 of a ziggurat)
 49616 | Zig:13   | Got a pair of dazzling gloves
 49627 | Zig:13   | Identified the +0 pair of gloves of the New World {+Inv rC++} (You found it on level 13 of a ziggurat)
 49627 | Zig:13   | Identified Corused's Reference Book on Enchantment
 49900 | Lair:1   | Learned a level 2 spell: Repel Missiles
 50176 | Lair:5   | Found a blossoming altar of Fedhas.
 50227 | Lair:5   | Found a runed door.
 50228 | Lair:5   | Found a viscous altar of Jiyva.
 50228 | Lair:5   | Found a staircase to the Slime Pits.
 50247 | Slime:1  | Entered Level 1 of the Pits of Slime
 50377 | Slime:1  | Reached skill level 5 in Conjurations
 50590 | Slime:2  | Gained mutation: You occasionally shout uncontrollably at your foes. [a shining eye]
 50591 | Slime:2  | Gained mutation: You sometimes yell uncontrollably at your foes. [a shining eye]
 50885 | Slime:5  | Entered Level 5 of the Pits of Slime
 50935 | Slime:5  | Gained mutation: You frequently scream uncontrollably at your foes. [a shining eye]
 51007 | Slime:5  | Noticed the Royal Jelly
 51015 | Slime:5  | Killed the Royal Jelly
 51078 | Slime:5  | Reached skill level 10 in Charms
 51179 | Slime:5  | Got a slimy rune of Zot
 51201 | Slime:5  | Gained mutation: You are frail. (-10% HP) [a shining eye]
 51242 | Slime:5  | Got a slimy plate armour
 51253 | Slime:5  | Identified the +1 plate armour of Trog's Supremacy {rCorr Str+3 Int+3 Stlth+} (You found it on level 5 of the Pits of Slime)
 51295 | Slime:5  | Identified a +2 rod of clouds (10/10) (You found it on level 5 of the Pits of Slime)
 51407 | Slime:5  | Lost mutation: You are frail. (-10% HP) [potion of cure mutation]
 51407 | Slime:5  | Lost mutation: You frequently scream uncontrollably at your foes. [potion of cure mutation]
 51407 | Slime:5  | Lost mutation: You sometimes yell uncontrollably at your foes. [potion of cure mutation]
 51407 | Slime:5  | Lost mutation: You occasionally shout uncontrollably at your foes. [potion of cure mutation]
 51407 | Slime:5  | Lost mutation: Your body sometimes deteriorates upon taking damage. [potion of cure mutation]
 51427 | Slime:4  | Gained mutation: You regenerate slowly when monsters are visible. [a shining eye]
 51428 | Slime:4  | Gained mutation: You are dopey. (Int -2) [a shining eye]
 51927 | Zot:1    | Entered Level 1 of the Realm of Zot
 53094 | Zot:2    | Noticed an orb of fire
 53107 | Zot:2    | Killed an orb of fire
 53145 | Zot:2    | HP: 3/217 [storm dragon (16)]
 53145 | Zot:2    | Mangled by a storm dragon

Skill      XL: |  1  2  3  4  5  6  7  8  9 10 11 12 13 14 15 16 17 18 19 20 21 22 23 24 25 26 27 |
---------------+----------------------------------------------------------------------------------+-----
Shields        | 4 5 6 8 10 11 | 11.0
Axes           | 3 4 6 7 9 11 13 14 15 16 17 18 19 20 21 22 24 25 26 | 26.0
Fighting       | 4 5 6 8 9 10 11 12 13 14 15 16 17 18 | 18.0
Armour         | 4 5 6 8 9 10 11 12 13 14 15 16 17 18 21 | 21.1
Invocations    | 3 5 7 9 10 11 12 13 14 | 14.0
Dodging        | 2 4 5 6 8 9 10 11 12 13 14 15 | 15.0
Earth Magic    | 10 16 22 | 22.0
Spellcasting   | 13 | 13.3
Charms         | 11 | 11.6
Transmutations | 7 |  7.0
Conjurations   | 7 |  7.2

Action                   |  1- 3 |  4- 6 |  7- 9 | 10-12 | 13-15 | 16-18 | 19-21 | 22-24 | 25-27 || total
-------------------------+-------+-------+-------+-------+-------+-------+-------+-------+-------++-------
Melee: War axe           |   105 |   278 |   273 |   594 |   305 |       |       |       |       ||  1555
       Mace              |       |       |     5 |       |       |       |       |       |       ||     5
       Scimitar          |       |       |       |       |    44 |    25 |       |       |       ||    69
       Battleaxe         |       |       |       |       |   619 |   506 |       |   512 |       ||  1637
       Broad axe         |       |       |       |       |       |   764 |  1048 |   242 |       ||  2054
       Executioner's axe |       |       |       |       |       |       |       |   451 |  2139 ||  2590
       Morningstar       |       |       |       |       |       |       |       |    34 |       ||    34
       Staff             |       |       |       |       |       |       |       |       |    11 ||    11
Throw: Javelin           |       |       |    11 |     7 |     2 |       |     1 |       |     1 ||    22
       Tomahawk          |       |       |     1 |     3 |       |       |       |       |       ||     4
 Cast: Iron Shot         |       |       |       |       |       |       |       |       |    24 ||    24
       Summon Butterflie |       |       |       |       |       |       |       |       |    12 ||    12
       Lee's Rapid Decon |       |       |       |       |       |       |       |       |    10 ||    10
       Statue Form       |       |       |       |       |       |       |       |       |     7 ||     7
       Spectral Weapon   |       |       |       |       |       |       |       |       |     6 ||     6
       Shroud of Golubri |       |       |       |       |       |       |       |       |     2 ||     2
       Repel Missiles    |       |       |       |       |       |       |       |       |     1 ||     1
       Regeneration      |       |       |       |       |       |       |       |       |     1 ||     1
Invok: Bend Time         |       |       |       |     1 |     1 |     1 |     1 |     2 |     2 ||     8
       Slouch            |       |       |       |       |     6 |       |     2 |     5 |     3 ||    16
       Step From Time    |       |       |       |       |     2 |     1 |     3 |     2 |     8 ||    16
       Temporal Distorti |       |       |       |       |       |       |       |     3 |    20 ||    23
 Abil: Dig               |       |     4 |    10 |    33 |    34 |    47 |    18 |    21 |    31 ||   198
       Shaft Self        |       |       |       |       |     2 |       |       |       |     1 ||     3
       Evoke Flight      |       |       |       |       |       |       |       |       |     1 ||     1
       End Transformatio |       |       |       |       |       |       |       |       |     1 ||     1
Evoke: Wand              |       |       |       |       |     2 |     3 |       |     1 |    12 ||    18
  Use: Potion            |       |       |     2 |       |       |     3 |     1 |       |    12 ||    18
       Scroll            |       |       |     8 |    10 |     9 |     3 |     4 |    11 |    17 ||    62
 Stab: Petrified         |       |       |       |       |     3 |       |       |       |       ||     3
       Distracted        |       |       |       |       |     1 |       |     2 |     1 |     1 ||     5
       Held in net/web   |       |       |       |       |       |     1 |     1 |       |       ||     2
       Invisible         |       |       |       |       |       |       |       |       |     3 ||     3
  Eat: Chunk             |     1 |     7 |     5 |    10 |    10 |     3 |     8 |    10 |     7 ||    61
       Beef jerky        |       |       |       |     2 |     4 |     1 |       |     2 |     8 ||    17
       Pizza             |       |       |       |     1 |     1 |     1 |       |     1 |     2 ||     6
       Fruit             |       |       |       |       |     5 |     6 |       |     1 |       ||    12
       Meat ration       |       |       |       |       |       |     2 |     1 |     1 |     4 ||     8
       Royal jelly       |       |       |       |       |       |       |       |     1 |     2 ||     3
Armor: Scale mail        |    26 |       |       |       |       |       |       |       |       ||    26
       Plate armour      |    35 |   196 |   110 |   152 |   252 |   292 |   204 |   346 |   112 ||  1699
       Skin              |       |       |     4 |       |       |       |       |       |    48 ||    52
       Chain mail        |       |       |       |       |     4 |       |       |       |       ||     4
       Crystal plate arm |       |       |       |       |       |       |       |       |   545 ||   545
       Gold dragon scale |       |       |       |       |       |       |       |       |   110 ||   110
Dodge: Dodged            |    31 |    56 |    61 |   126 |   299 |   604 |   474 |   612 |  1218 ||  3481
       Deflected         |       |       |       |       |       |       |       |       |     1 ||     1
Block: Shield            |    55 |   176 |   152 |   415 |   871 |  1209 |   861 |  1138 |  1757 ||  6634
       Reflection        |       |       |       |       |    14 |     9 |    40 |   163 |    56 ||   282
       Rpst.: Scimitar   |       |       |       |       |     2 |     3 |       |       |       ||     5
